 Dungeon Crawl Stone Soup version 0.21.0-25-ge575cb9 (webtiles) character file.

90 pokedragonboy the Charmwright (level 4, -3/28 HPs)
             Began as a Gargoyle Skald on Jan 23, 2018.
             Slain by XxsatanxX's ghost (7 damage)
             ... on level 3 of the Dungeon.
             The game lasted 00:03:25 (1569 turns).

pokedragonboy the Charmwright (Gargoyle Skald)      Turns: 1569, Time: 00:03:25

Health: -3/28      AC:  9    Str: 14 (15) XL:     4   Next: 56%
Magic:  7/7        EV: 11    Int: 17 (19) God:
Gold:   119        SH:  0    Dex:  7 (9)  Spells: 4/7 levels left

rFire    . . .     SeeInvis .   a - +0 hand axe
rCold    . . .     Gourm    .   (no shield)
rNeg     + . .     Faith    .   b - +0 leather armour
rPois    ∞         Spirit   .   l - +1 helmet
rElec    +         Reflect  .   (no cloak)
rCorr    .         Harm     .   (no gloves)
MR       .....     Rnd*Tele +   (no boots)
Stlth    +.........             (no amulet)
HPRegen  0.09/turn              n - ring of teleportation (curse)
MPRegen  0.10/turn              (no ring)

@: brilliant, flying
A: negative energy resistance 1, electricity resistance, unbreathing,
petrification resistance, rot immunity, AC +3
a: no special abilities


You were on level 3 of the Dungeon.
You were not hungry.

You visited 1 branch of the dungeon, and saw 3 of its levels.

You collected 119 gold pieces.

Inventory:

Hand Weapons
 a - a +0 hand axe (weapon)
Armour
 b - a +0 leather armour (worn)
 l - a +1 helmet (worn)
Jewellery
 n - a cursed ring of teleportation (left hand)
Scrolls
 f - 2 scrolls of remove curse {unknown}
 g - 2 scrolls of amnesia
 i - a scroll of enchant weapon {unknown}
 k - a scroll of fear {unknown}
 o - 2 scrolls of teleportation {unknown}
 r - a scroll of identify {unknown}
Potions
 e - a potion of invisibility
Books
 c - a book of Battle

   Spells                             Type                      Level
   a - Infusion                       Charms                       1
   b - Shroud of Golubria             Charms/Translocation         2
   c - Song of Slaying                Charms                       2
   d - Spectral Weapon                Hexes/Charms                 3
   e - Regeneration                   Charms/Necromancy            3
Comestibles
 d - 5 rations
 p - 4 chunks of flesh


   Skills:
 + Level 3.0 Fighting
 * Level 2.9 Axes
 + Level 2.2 Armour
 - Level 1.5 Dodging
 - Level 2.0 Spellcasting
 + Level 3.2 Charms


You had 4 spell levels left.
You knew the following spells:

 Your Spells              Type           Power        Failure   Level  Hunger
a - Infusion              Chrm           ###.         1%          1    #......
b - Song of Slaying       Chrm           ###.....     1%          2    ###....


Dungeon Overview and Level Annotations

Branches:
Dungeon (3/15)

Altars:

Annotations:
D:3 XxsatanxX's ghost, amateur HOBe


Innate Abilities, Weirdness & Mutations

You are resistant to torment.
Your stone body is resilient. (AC +3)
You are immune to poison.
You resist negative energy. (rN+)
You are resistant to electric shocks. (rElec)
You can survive without breathing.
You are immune to petrification.
You are immune to rotting.


Message History

You hit XxsatanxX's ghost.
Your magical infusion is running out.
XxsatanxX's ghost hits you!
* * * LOW HITPOINT WARNING * * *
Unknown command.
You hit the worm.
You kill the worm!
You barely miss XxsatanxX's ghost.
XxsatanxX's ghost hits you but does no damage.
Unknown command.
It was a potion of magic.
Magic courses through your body.
XxsatanxX's ghost hits you but does no damage.
It was a potion of flight.
You feel very buoyant.
You fly up into the air.
XxsatanxX's ghost hits you but does no damage.
You are no longer magically infusing your attacks.
There is an escape hatch in the ceiling here.
XxsatanxX's ghost hits you!
You die...

#........### ....#
#........... ####.#..
#........... #.#>...#
#........###
#.##...#####...........
#........#.#........##.
#........#.#.....(..#
######......#.#W(......#
#. ..#.........@.......#
#. #.#........##########
.#. #.#.......##
.#..#.÷.......#
.#.##.#.#.......
......#.#.###..(.
###.###÷#.. ....##
........#.......#
.............


You could see XxsatanxX's ghost.

Vanquished Creatures
  Jessica (D:2)
  Robin (D:2)
  An adder (D:2)
  2 worms
  A leopard gecko (D:1)
  2 giant cockroaches (D:3)
  13 goblins (D:2)
  4 hobgoblins
  2 quokkas
  2 ball pythons
  3 bats
  3 frilled lizards
  2 rats
37 creatures vanquished.

Notes
Turn   | Place    | Note
-------+----------+-------------------------------------------
     0 | D:1      | pokedragonboy the Gargoyle Skald began the quest for the Orb.
     0 | D:1      | Reached XP level 1. HP: 12/12 MP: 3/3
   294 | D:1      | Reached XP level 2. HP: 16/18 MP: 5/5
   718 | D:2      | Learned a level 2 spell: Song of Slaying
   780 | D:2      | Noticed Jessica
   792 | D:2      | Killed Jessica
   792 | D:2      | Reached XP level 3. HP: 19/22 MP: 6/6
   995 | D:2      | Noticed Robin
  1009 | D:2      | Killed Robin
  1009 | D:2      | Reached XP level 4. HP: 7/27 MP: 5/7
  1548 | D:3      | Noticed XxsatanxX's ghost (amateur HOBe)
  1569 | D:3      | Slain by XxsatanxX's ghost

Skill      XL: |  1  2  3  4 |
---------------+-------------+-----
Axes           | 2 |  2.9
Charms         | 3 |  3.2
Armour         | 2 |  2.2
Fighting       | 3 |  3.0
Dodging        | |  1.5
Spellcasting   | |  2.0

Action                   |  1- 3 |  4- 6 || total
-------------------------+-------+-------++-------
Melee: Hand axe          |    62 |    52 ||   114
 Cast: Song of Slaying   |     1 |       ||     1
       Infusion          |       |     1 ||     1
  Use: Scroll            |     2 |       ||     2
       Potion            |     1 |     5 ||     6
 Stab: Invisible         |       |     1 ||     1
  Eat: Chunk             |       |     2 ||     2
Armor: Leather armour    |    31 |    36 ||    67
Dodge: Dodged            |    40 |    42 ||    82
